 Dungeon Crawl Stone Soup version 0.26.0-45-g9c1d065592 (webtiles) character file.

Game seed: 10489870600221081817

184 kaeus the Stinger (level 5, -4/35 HPs)
             Began as an Octopode Venom Mage on Jan 30, 2021.
             Slain by a centaur skeleton (7 damage)
             ... on level 2 of the Dungeon.
             The game lasted 00:02:03 (2094 turns).

kaeus the Stinger (Octopode Venom Mage)             Turns: 2094, Time: 00:02:04

Health: -4/35      AC:  1    Str:  7    XL:     5   Next: 64%
Magic:  18/18      EV: 13    Int: 19    God:
Gold:   63         SH:  0    Dex: 12    Spells: 5/9 levels left

rFire    . . .     SeeInvis .   c - +0 club
rCold    . . .     Faith    .   (no shield)
rNeg     . . .     Spirit   .   (helmet restricted)
rPois    .         Reflect  .   (no amulet)
rElec    .         Harm     .   h - ring of magical power
rCorr    .         Rampage  .   (no ring)
Will     .....                  (no ring)
Stlth    +++.......             (no ring)
HPRegen  0.11/turn              (no ring)
MPRegen  0.16/turn              (no ring)
                                (no ring)
                                (no ring)

@: very slightly contaminated, invisible
A: almost no armour, stealthy swim, amphibious, 8 rings, constrict 8, camouflage
1, gelatinous body 1
a: no special abilities


You were on level 2 of the Dungeon.
You visited 1 branch of the dungeon, and saw 2 of its levels.

You collected 63 gold pieces.

Inventory:

Hand Weapons
 c - a +0 club (weapon)
Jewellery
 h - a ring of magical power (left tentacle)
Wands
 l - a wand of disintegration (14)
Scrolls
 b - a scroll of fear {unknown}
 e - 2 scrolls of remove curse {unknown}
 f - 2 scrolls of amnesia {unknown}
 g - 2 scrolls of identify {unknown}
 j - 2 scrolls of enchant armour {unknown}
 k - a scroll of random uselessness {unknown}
Potions
 a - a potion of might
 i - a potion of ambrosia {unknown}


   Skills:
 + Level 2.6 Fighting
 - Level 2.0 Dodging
 + Level 3.6 Stealth
 + Level 2.9 Spellcasting
 + Level 1.9 Transmutations
 + Level 1.6 Fire Magic
 + Level 4.2 Poison Magic


You had 5 spell levels left.
You knew the following spells:

 Your Spells              Type           Power        Failure   Level
a - Sting                 Tmut/Pois      56%          4%          1
b - Ignite Poison         Fire/Tmut/Pois 12%          16%         3

Your spell library contained the following spells:

 Spells                   Type           Power        Failure   Level
 Poisonous Vapours        Pois/Air       20%          10%         2
 Mephitic Cloud           Conj/Pois/Air  8%           26%         3
 Olgreb's Toxic Radiance  Pois           19%          26%         4


Dungeon Overview and Level Annotations

Branches:
Dungeon (2/15)

Altars:

Annotations:
D:2 Robin


Innate Abilities, Weirdness & Mutations

You cannot wear most types of armour.
You are very stealthy in the water. (Stealth+)
You are amphibious.
You can wear up to eight rings at the same time.
You can use your tentacles to constrict eight enemies at once.
Your skin changes colour to match your surroundings (Stealth+).
Your rubbery body absorbs attacks. (AC +1, EV +1)


Message History

You kill the rat!
Things that are here:
a scroll labelled MAOBAB MUEBUYNK; a rat corpse A centaur skeleton comes into view.
Found 2 gold pieces.
The helpless centaur skeleton fails to defend itself.
You hit the centaur skeleton.
The centaur skeleton is lightly damaged.
The centaur skeleton barely misses you. The centaur skeleton hits you.
* * * LOW HITPOINT WARNING * * *
You take 5 damage, and have 3/35 hp.
You hit the centaur skeleton.
The centaur skeleton is lightly damaged.
The centaur skeleton hits you.
* * * LOW HITPOINT WARNING * * *
You hit the centaur skeleton but do no damage.
You squeeze the centaur skeleton!
The centaur skeleton is heavily damaged.
The centaur skeleton hits you!
You die...

#.# #.#
#.# #.#
#.# #.#
#.#
######
#.#
.....#
#@#
####.#
#Z# #.#
#.#
####)##
#.#
......#
#.#
####..#
#.#
#..#
#.#
...#
#$#
##.#


You could see a centaur skeleton.

Vanquished Creatures
  Terence (D:2)
  Natasha (thrice) (D:2)
  An ooze (D:2)
  3 worms (D:2)
  2 dart slugs
  3 leopard geckos (D:2)
  2 ball pythons
  5 bats
  5 giant cockroaches
  11 goblins
  8 hobgoblins
  4 jackals (D:1)
  A quokka (D:2)
  5 frilled lizards
  4 kobolds (D:2)
  4 rats
62 creatures vanquished.

Notes
Turn   | Place    | Note
-------+----------+-------------------------------------------
     0 | D:1      | kaeus the Octopode Venom Mage began the quest for the Orb.
     0 | D:1      | Reached XP level 1. HP: 11/11 MP: 3/3
    12 | D:1      | Reached skill level 1 in Fighting
    29 | D:1      | Reached XP level 2. HP: 18/18 MP: 3/5
   594 | D:1      | Reached XP level 3. HP: 24/24 MP: 4/6
   598 | D:1      | Learned a level 3 spell: Ignite Poison
   974 | D:2      | Noticed Terence
   985 | D:2      | Killed Terence
  1129 | D:2      | Reached XP level 4. HP: 25/29 MP: 4/7
  1402 | D:2      | Reached skill level 1 in Fire Magic
  1406 | D:2      | Noticed Natasha
  1413 | D:2      | Killed Natasha
  1414 | D:2      | Reached skill level 4 in Poison Magic
  1477 | D:2      | Noticed Natasha
  1486 | D:2      | Killed Natasha
  1487 | D:2      | Reached XP level 5. HP: 26/35 MP: 9/9
  1745 | D:2      | Noticed Natasha
  1752 | D:2      | Killed Natasha
  2030 | D:2      | Found a faded altar of an unknown god.
  2035 | D:2      | Noticed Robin
  2094 | D:2      | Slain by a centaur skeleton

Illustrated notes

Levels and vault maps discovered:
D:1:      minmay_arrival_open_corners, layout_loops_cross, serial_forest,
          infiniplex_forest_lined_room_3, infiniplex_forest_corner_1,
          infiniplex_forest_lined_3, infiniplex_forest_lined_4_way,
          infiniplex_forest_end_1, infiniplex_forest_lined_room_3
D:2:      layout_basic, chequers_ecumenical_altar_grove, chequers_arboretum,
          uniq_natasha, uniq_robin, uniq_terence

Skill      XL: |  1  2  3  4 |
---------------+-------------+-----
Fighting       | 1 2 |  2.6
Stealth        | 3 |  3.6
Fire Magic     | 1 |  1.6
Poison Magic   | 4 |  4.2
Dodging        | |  2.0
Spellcasting   | |  2.9
Transmutations | |  1.9

Action                   |  1- 3 |  4- 6 || total
-------------------------+-------+-------++-------
Melee: Unarmed           |    20 |       ||    20
       Constrict         |    12 |    26 ||    38
       Tentacles         |    11 |    20 ||    31
       Club              |    22 |    73 ||    95
 Cast: Sting             |    22 |    29 ||    51
  Use: Potion            |       |     1 ||     1
 Stab: Sleeping          |       |     3 ||     3
Armor: Skin              |     4 |     9 ||    13
Dodge: Dodged            |    23 |    45 ||    68
